 Dungeon Crawl Stone Soup version 0.31-a0-18-gea43df2a32 (webtiles) character file.

Game seed: 7863731073353993598

86 MisterAzrael the Magician (level 4, -1/36 HPs)
             Began as a Deep Elf Earth Elementalist on May 12, 2023.
             Slain by an orc wizard
             ... wielding a +0 dagger
              (3 damage)
             ... on level 2 of the Dungeon.
             The game lasted 00:02:42 (1620 turns).

MisterAzrael the Magician (DEEE)                    Turns: 1620, Time: 00:02:43

Health: -1/36      AC:  2    Str:  5    XL:     4   Next: 27%
Magic:  21/21      EV: 17    Int: 22    God:
Gold:   112        SH:  0    Dex: 15    Spells: 7/11 levels left

rFire   . . .        (no weapon)
rCold   . . .        (no shield)
rNeg    . . .        a - +0 robe
rPois   .            (no helmet)
rElec   .            (no cloak)
rCorr   .            (no gloves)
SInv    .            (no boots)
Will    .....        (no amulet) Stlth
                     g - +5 ring of evasion
HPRegen 0.26/turn    h - ring of magical power
MPRegen 0.17/turn

%: no passive effects
@: berserking, very quick
A: no striking features
a: no special abilities


You were on level 2 of the Dungeon.
You visited 1 branch of the dungeon, and saw 3 of its levels.

You collected 112 gold pieces.

Inventory:

Armour
 a - a +0 robe (worn)
Jewellery
 g - a +5 ring of evasion (left hand)
 h - a ring of magical power (right hand)
 k - a +6 ring of dexterity
Wands
 q - a wand of iceblast (13)
Scrolls
 c - a scroll of vulnerability {unknown}
 d - 5 scrolls of teleportation {unknown}
 f - a scroll of identify {unknown}
 j - a scroll of fear {unknown}
 l - a scroll of magic mapping {unknown}
 n - a scroll of immolation {unknown}
Potions
 e - a potion of might {unknown}
 i - a potion of mutation {unknown}
 m - a potion of flight {unknown}
 o - a potion of resistance {unknown}
 p - a potion of berserk rage


   Skills:
 - Level 2.6 Dodging
 - Level 2.7 Stealth
 + Level 4.1 Spellcasting
 * Level 1.9 Conjurations
 - Level 2.0 Transmutations
 + Level 4.0 Earth Magic


You had 7 spell levels left.
You knew the following spells:

 Your Spells              Type           Power      Damage    Failure   Level
a - Sandblast             Erth           44%        2d11      2%          1
b - Stone Arrow           Conj/Erth      34%        3d9       10%         3

Your spell library contained the following spells:

 Spells                   Type           Power      Damage    Failure   Level
 Beastly Appendage        Tmut           26%        N/A       4%          1
 Passwall                 Tmut/Erth      14%        N/A       4%          2
 Wereblood                Tmut           13%        N/A       8%          2
 Spider Form              Tmut/Pois      8%         N/A       22%         3
 Ozocubu's Armour         Ice            4%         N/A       32%         3
 Petrify                  Tmut/Erth      17%        N/A       32%         4
 Ozocubu's Refrigeration  Ice            2%         4d7       100%        7


Dungeon Overview and Level Annotations

Branches:
Dungeon (3/15)

Altars:

Annotations:
D:2 1 runed translucent door, Crazy Yiuf


Message History

The magic dart hits you.
You hear some strange, mumbled words.
You are confused.
Your magical contamination has completely faded away.
You bump into the rock wall.
You hear some strange, mumbled words.
You are more confused.
You hear some strange, mumbled words.
You are more confused.
You completely miss something. Something hits you. Something hits you.
Something closely misses you. Something hits you.
A magic dart appears from out of thin air!
The magic dart hits you!
* * * LOW HITPOINT WARNING * * *
Magic courses through your body.
You're too confused to move!
Something hits you.
* * * LOW HITPOINT WARNING * * *
You feel less confused. Something barely misses you.
It was a potion of berserk rage.
A red film seems to cover your vision as you go berserk!
You feel yourself moving faster!
You feel mighty! Something hits you but does no damage.
You feel a strong urge to attack something.
You miss something. Something hits you.
* * * LOW HITPOINT WARNING * * *
You closely miss something. You punch something!
An orc wizard appears from thin air!
Reactivating autopickup.
The orc wizard hits you with a +0 dagger.
* * * LOW HITPOINT WARNING * * *
You completely miss the orc wizard.
The orc wizard is heavily wounded.
The orc wizard misses you.
You closely miss the orc wizard.
The orc wizard is heavily wounded.
The orc wizard hits you with a +0 dagger.
You die...

#####..........##############
...............##......#
..####.........##......#
..####.........##......#
.....).........##......##########
...............##...............#
....)...........................#
........##.###....####..........#
...#######.# #..@o# #...........
...#######.###....# #..........#
...#..............# #..........#
####..[.>.........# ####.#######
...#..............# #.# #..
..................#######.# ##.#
...#......................# #..#
...#.......###.....#####..####.##
##.#...........................#


You could see an orc wizard.

Vanquished Creatures
  Jessica (D:2)
  2 adders (D:2)
  2 worms (D:2)
  A dart slug (D:1)
  3 orcs (D:3)
  3 ball pythons
  3 endoplasms
  3 goblins
  4 hobgoblins
  3 bats
  2 frilled lizards
  2 kobolds (D:1)
  3 rats
32 creatures vanquished.

Notes
Turn   | Place    | Note
-------+----------+-------------------------------------------
     0 | D:1      | MisterAzrael the Deep Elf Earth Elementalist began the
                  | quest for the Orb.
     0 | D:1      | Reached XP level 1. HP: 10/10 MP: 6/6
   258 | D:1      | Reached XP level 2. HP: 15/15 MP: 6/8
   792 | D:2      | Reached XP level 3. HP: 19/19 MP: 10/10
   796 | D:2      | Learned a level 3 spell: Stone Arrow
  1073 | D:2      | Reached skill level 1 in Conjurations
  1099 | D:2      | Noticed Jessica
  1103 | D:2      | Killed Jessica
  1104 | D:2      | Reached XP level 4. HP: 24/24 MP: 12/12
  1174 | D:2      | Found a runed translucent door.
  1175 | D:2      | Noticed Crazy Yiuf
  1618 | D:2      | HP: 1/36 [orc wizard/+0 dagger (4)]
  1620 | D:2      | Slain by an orc wizard

Illustrated notes

Levels and vault maps discovered:
D:1:      dpeg_arrival_tiny_g, layout_basic
D:2:      layout_basic, uniq_jessica, uniq_crazy_yiuf_cottage
D:3:      layout_loops_ring, shapermc_ecumenical_altar_rom_forum, st_stairs_9,
          minmay_bisected

Skill      XL: |  1  2  3  4 |
---------------+-------------+-----
Transmutations | 2 |  2.0
Conjurations   | 1 |  1.9
Spellcasting   | 4 |  4.1
Earth Magic    | 4 |  4.0
Dodging        | |  2.6
Stealth        | |  2.7

Action                     |  1- 3 |  4- 6 || total
---------------------------+-------+-------++-------
  Melee: Unarmed           |       |     6 ||     6
   Cast: Sandblast         |    35 |     7 ||    42
         Stone Arrow       |       |     3 ||     3
    Use: Potion            |       |     2 ||     2
 Armour: Robe              |     1 |     4 ||     5
  Dodge: Dodged            |     2 |     4 ||     6

Table legend: (Time is in decaauts)
 A = Elapsed time spent in this place.
 B = Non-inter-level travel time spent in this place.
 C = Inter-level travel time spent in this place.
 D = Time resting spent in this place.
 E = Time spent auto-exploring this place.
 F = Levels seen in this place.
 G = Mean time per level.
                   A        B        C        D        E       F      G
               +--------+--------+--------+--------+--------+-----+--------+
         Total |   1638 |   1572 |     66 |     60 |   1296 |   3 |  546.0 |
       Dungeon |   1638 |   1572 |     66 |     60 |   1296 |   3 |  546.0 |
               +--------+--------+--------+--------+--------+-----+--------+

Top non-repeatable levels by time:
     D:2: 879 daAuts
     D:1: 747 daAuts
     D:3: 11 daAuts
